 Dungeon Crawl Stone Soup version 0.29-a0-322-g68df515428 (webtiles) character file.

Game seed: 2663557780061128433

30 Murumi the Skirmisher (level 3, -3/39 HPs)
             Began as an Ogre Chaos Knight on Apr 8, 2022.
             Was a Plaything of Xom.
             Slain by a steam dragon (6 damage)
             ... on level 1 of the Dungeon.
             The game lasted 00:02:40 (695 turns).

Murumi the Skirmisher (Ogre Chaos Knight)            Turns: 695, Time: 00:02:41

Health: -3/39      AC:  5    Str: 18    XL:     3   Next: 20%
Magic:  3/3        EV: 10    Int: 13    God:    Xom [.....*]
Gold:   45         SH:  0    Dex:  8    Spells: 2/2 levels left

rFire   . . .      SeeInvis .   a - +0 mace (chaos)
rCold   . . .      Faith    .   (no shield)
rNeg    . . .      Spirit   .   b - +2 robe
rPois   .          Reflect  .   (helmet restricted)
rElec   .          Harm     .   (no cloak)
rCorr   .          Rampage  .   (gloves unavailable)
Will    .....                   (boots unavailable)
Stlth   +.........              (no amulet)
HPRegen 0.13/turn               (no ring)
MPRegen 0.08/turn               (no ring)

@: no status effects
A: large, unfitting armour, tough skin 1
a: Renounce Religion


You were on level 1 of the Dungeon.
You worshipped Xom.
You were Xom's teddy bear.
You visited 1 branch of the dungeon, and saw 1 of its levels.

You collected 45 gold pieces.

Inventory:

Hand Weapons
 a - a +0 mace of chaos (weapon)
Missiles
 h - 75 stones (quivered)
Armour
 b - a +2 robe (worn)
Potions
 g - a potion of curing
Miscellaneous
 c - a piece from Xom's chessboard (12/15)


   Skills:
 - Level 4.0 Fighting
 - Level 3.0 Maces & Flails
 + Level 1.0 Throwing
 - Level 3.0 Dodging


You had 2 spell levels left.
You didn't know any spells.
Your spell library contained the following spells:

 Spells                   Type           Power      Damage    Failure   Level
 Cause Fear               Hex            0%         N/A       97%         4
 Dragon Form              Tmut           0%         N/A       100%        7
 Dragon's Call            Summ           0%         N/A       100%        9


Dungeon Overview and Level Annotations

Branches:
Dungeon (1/15)

Altars:


Innate Abilities, Weirdness & Mutations

You are too large for most types of armour.
You have tough skin. (AC +1)


Message History

You barely miss the bat. The bat hits you but does no damage.
You hit the bat but do no damage.
The bat evaporates and reforms as a steam dragon!
Xom is amused.
Unknown command.
The steam dragon attacks as you move away!
The steam dragon bites you.
The steam dragon claws you but does no damage.
The steam dragon bites you. The steam dragon closely misses you.
You make a move on Xom's chessboard...
The steam dragon twists and deforms.
The steam dragon barely misses you. The steam dragon claws you.
You make a move on Xom's chessboard...
The steam dragon resists with significant effort.
The steam dragon bites you.
The steam dragon claws you but does no damage.
You make a move on Xom's chessboard...
The steam dragon twists and deforms.
The steam dragon closely misses you. x2
You hit the steam dragon.
The steam dragon seems to slow down.
The steam dragon is lightly wounded.
The steam dragon bites you but does no damage.
The steam dragon closely misses you.
You hit the steam dragon.
The steam dragon resists with some effort.
The steam dragon is lightly wounded.
The steam dragon bites you. The steam dragon claws you.
You hit the steam dragon.
The steam dragon is moderately wounded.
The steam dragon is no longer moving slowly.
You sock the steam dragon!
The steam dragon is heavily wounded.
The steam dragon closely misses you.
The steam dragon claws you but does no damage.
The steam dragon breathes steam at you. The ball of steam hits you!!
Ouch! That really hurt!
* * * LOW HITPOINT WARNING * * *
The steam dragon attacks as you move away!
The steam dragon bites you.
You die...
Xom thinks this is hilarious!

#.####PP≈≈≈ #.#.#
#.....≈≈≈≈♣♣#.#.#####
.....≈≈≈P≈♣#.......#
#♣...≈≈≈≈P≈###.###[#
♣≈....≈≈≈P≈# #.# #.###
♣♣≈≈..≈≈≈≈≈≈♣##.# #....
♣P≈....≈≈≈≈≈P♣#.# #####
♣P≈...D≈≈≈≈≈≈♣#.#######
♣♣≈≈..@♣≈≈≈P♣♣.....)...
♣≈≈≈..§P≈≈≈≈P♣#.#######
♣≈≈P..§†≈P≈≈≈≈### ..
♣≈≈≈≈..§P≈≈≈≈♣# ##
♣♣≈≈.§.§≈P♣♣♣#
#≈♣≈≈.≈.≈♣# ##♣♣≈..P♣#
#P≈...# #P≈...


You could see a steam dragon (catching breath, misshapen).

Vanquished Creatures
  2 dart slugs (D:1)
  A ball python (D:1)
  4 endoplasms (D:1)
  2 giant cockroaches (D:1)
  2 goblins (D:1)
  2 hobgoblins (D:1)
  4 kobolds (D:1)
  A quokka (D:1)
  2 bats (D:1)
  2 frilled lizards (D:1)
  A rat (D:1)
23 creatures vanquished.

Notes
Turn   | Place    | Note
-------+----------+-------------------------------------------
     0 | D:1      | Murumi the Ogre Chaos Knight began the quest for the Orb.
     0 | D:1      | Reached XP level 1. HP: 24/24 MP: 1/1
    71 | D:1      | XOM: potion effect (might)
    95 | D:1      | Reached XP level 2. HP: 32/32 MP: 2/2
   200 | D:1      | XOM: divination: detect creatures
   638 | D:1      | Reached XP level 3. HP: 39/39 MP: 3/3
   673 | D:1      | Reached skill level 1 in Throwing
   686 | D:1      | Noticed a steam dragon
   686 | D:1      | a bat changed into a steam dragon
   695 | D:1      | Slain by a steam dragon

Illustrated notes

Levels and vault maps discovered:
D:1:      elethiomel_arrival_shortcut, layout_loops_ring, serial_bayou_ford_a,
          minmay_pentomino_v4

Skill      XL: |  1  2  3 |
---------------+----------+-----
Maces & Flails | 3 |  3.0
Dodging        | 3 |  3.0
Throwing       | 1 |  1.0
Fighting       | |  4.0

Action                   || total
-------------------------++-------
Melee: Mace              ||    59
Throw: Stone             ||    27
Evoke: Piece from Xom's  ||     3
  Use: Scroll            ||     5
Armor: Robe              ||    33
Dodge: Dodged            ||    52

Table legend: (Time is in decaauts)
 A = Elapsed time spent in this place.
 B = Non-inter-level travel time spent in this place.
 C = Inter-level travel time spent in this place.
 D = Time resting spent in this place.
 E = Time spent auto-exploring this place.
 F = Levels seen in this place.
 G = Mean time per level.
                   A        B        C        D        E       F      G
               +--------+--------+--------+--------+--------+-----+--------+
         Total |    714 |    714 |      0 |      0 |    540 |   1 |  714.0 |
       Dungeon |    714 |    714 |      0 |      0 |    540 |   1 |  714.0 |
               +--------+--------+--------+--------+--------+-----+--------+

Top non-repeatable levels by time:
     D:1: 714 daAuts
